 Dungeon Crawl Stone Soup version 0.18.1-50-g88ac8fd (webtiles) character file.

36 GrayLizard the Chopper (level 3, -5/31 HPs)
             Began as a Draconian Berserker on Mar 23, 2017.
             Was a Follower of Trog.
             Killed by divine providence
             ... invoked by an orc priest
              (15 damage)
             ... on level 4 of the Dungeon.
             The game lasted 00:04:57 (1927 turns).

GrayLizard the Chopper (Draconian Berserker)        Turns: 1927, Time: 00:04:58

Health: -5/31      AC:  6    Str: 20    XL:     3   Next: 19%
Magic:  3/3        EV: 12    Int:  7    God:    Trog [*.....]
Gold:   23         SH:  0    Dex: 10    Spells: 0 memorised, 2 levels left

rFire  . . .     SeeInvis .     a - +0 hand axe
rCold  . . .     Gourm    .     (armour unavailable)
rNeg   . . .     Faith    .     (no shield)
rPois  .         Spirit   .     (helmet restricted)
rElec  .         Dismiss  .     (no cloak)
rCorr  .         Reflect  .     (no gloves)
SustAt .         Harm     .     e - +0 pair of boots
MR     .....                    (no amulet)
Stlth  +.........               (no ring)
                                (no ring)

@: not resistant to hostile enchantments, very unstealthy
A: unfitting armour, cold-blooded, AC +5
a: Berserk, Burn Spellbooks, Renounce Religion


You were on level 4 of the Dungeon.
You worshipped Trog.
Trog was aware of your devotion.
You were not hungry.

You visited 1 branch of the dungeon, and saw 3 of its levels.

You collected 23 gold pieces.

Inventory:

Hand Weapons
 a - a +0 hand axe (weapon)
 c - a cursed +0 spear
Missiles
 k - 2 tomahawks (quivered)
Armour
 d - a +0 leather armour
 e - a +0 pair of boots (worn)
 g - a +0 ring mail
Scrolls
 f - a scroll of enchant weapon {unknown}
 h - a scroll of amnesia {unknown}
 i - a scroll of identify {unknown}
 j - a scroll of teleportation {unknown}
Potions
 l - a potion of lignification {unknown}
Comestibles
 b - 2 bread rations


   Skills:
 + Level 3.5 Fighting
 + Level 3.6 Axes
 + Level 3.2 Dodging


You had 2 spell levels left.
You didn't know any spells.

Dungeon Overview and Level Annotations

Branches:
Dungeon (2/15)

Altars:
Dithmenos
Elyvilon


Innate Abilities, Weirdness & Mutations

Your plain brown scales are hard (AC +5).
Your body does not fit into most forms of armour.
You are cold-blooded and may be slowed by cold attacks.


Message History

There is an open door here.
Found 5 gold pieces.
You now have 23 gold pieces (gained 5).
Found 14 bolts.
An orc priest comes into view.
Found 11 gold pieces.
The orc priest shouts!
An orc priest comes into view. It is wielding a flail.
The orc priest shouts!
The orc priest calls down the wrath of Beogh upon you.
Beogh smites you!
The orc priest calls down the wrath of Beogh upon you.
Pain shoots through your body!
* * * LOW HITPOINT WARNING * * *
The orc priest calls down the wrath of Beogh upon you.
You barely resist.
The orc priest looks braver for a moment.
The orc priest mumbles some strange prayers to Beogh against you.
Beogh smites you!
You die...

#######.##...####.
...................'.
...#######.##...####.
... #.##..## ## #.#
#.##..# ## #.#
#.##..### #. ##+ #.#
#.##....# #. ...##
#.########.....#..##.
....####
#...@................
.......#
#..o####..#######....
....##.# #...# #..#
####'
...(.#.######o..+
#### #.
................# #(
....##.#######.## #'
.#$.##.# #.# #รท
#..##.# #.# +.
......# #.# ##


You could see 2 orc priests.

Vanquished Creatures
  A gnoll (D:1)
  A giant gecko (D:1)
  3 giant cockroaches
  4 goblins
  5 hobgoblins
  2 bats (D:1)
  3 giant newts
  3 kobolds
  3 rats (D:1)
  4 plants (D:1)
29 creatures vanquished.

Notes
Turn   | Place    | Note
--------------------------------------------------------------
     0 | D:1      | GrayLizard the Draconian Berserker began the quest for the Orb.
     0 | D:1      | Reached XP level 1. HP: 19/19 MP: 1/1
   378 | D:1      | Reached XP level 2. HP: 4/26 MP: 2/2
  1370 | D:2      | Reached XP level 3. HP: 31/31 MP: 3/3
  1461 | D:2      | Found a white marble altar of Elyvilon.
  1542 | D:2      | Found a shadowy altar of Dithmenos.
  1543 | D:2      | You fall through a shaft for 2 floors!
  1927 | D:4      | Killed from afar by an orc priest

Skill      XL: |  1 |
---------------+----+-----
Dodging        | 3 |  3.2
Fighting       | |  3.5
Axes           | |  3.6

Action                   || total
-------------------------++-------
Melee: Hand axe          ||   223
       Tailslap          ||    38
  Eat: Bread ration      ||     1
Armor: Skin              ||    26
Dodge: Dodged            ||    63
